 Dungeon Crawl Stone Soup version 0.32-a0-86-g8db1b9f803 (webtiles) character file.

Game seed: 526599460551111342

212 pokeman the Magician (level 5, 0/29 HPs)
             Began as a Deep Elf Hedge Wizard on Feb 5, 2024.
             Slain by an orc wizard
             ... wielding a +0 dagger
              (3 damage)
             ... on level 3 of the Dungeon.
             The game lasted 00:05:44 (2741 turns).

pokeman the Magician (Deep Elf Hedge Wizard)        Turns: 2741, Time: 00:05:44

Health: 0/29       AC:  4    Str: 13    XL:     5   Next: 58%
Magic:  1/15       EV: 13    Int: 21    God:
Gold:   95         SH:  0    Dex: 14    Spells: 8/16 levels left

rFire   . . .        a - +0 dagger
rCold   . . .        (no shield)
rNeg    . . .        b - +0 robe
rPois   .            i - +2 hat
rElec   .            (no cloak)
rCorr   .            (no gloves)
SInv    .            (no boots)
Will    .....        (no amulet)
Stlth   +            k - +6 ring of strength
HPRegen 0.24/turn    (no ring)
MPRegen 0.14/turn

%: no passive effects
@: confused, very slightly contaminated
A: no striking features
a: no special abilities


You were on level 3 of the Dungeon.
You visited 1 branch of the dungeon, and saw 3 of its levels.

You collected 95 gold pieces.

Inventory:

Hand Weapons
 a - a +0 dagger (weapon)
Armour
 b - a +0 robe (worn)
 i - a +2 hat (worn)
Jewellery
 k - a +6 ring of strength (left hand)
Scrolls
 c - a scroll of torment {unknown}
 e - a scroll of fear {unknown}
 f - a scroll of enchant armour {unknown}
 h - 2 scrolls of revelation {unknown}
 m - a scroll of vulnerability {unknown}
Potions
 d - a potion of magic
 g - a potion of lignification {unknown}
 j - a potion of cancellation {unknown}
 l - a potion of heal wounds {unknown}
 n - 2 potions of curing {unknown}


   Skills:
 + Level 1.0 Fighting
 - Level 1.0 Armour
 - Level 3.3 Dodging
 - Level 3.0 Stealth
 * Level 6.4 Spellcasting
 + Level 2.8 Conjurations
 - Level 1.1 Summonings
 - Level 1.1 Translocations
 + Level 0.0 Air Magic
 - Level 1.1 Alchemy


You had 8 spell levels left.
You knew the following spells:

 Your Spells              Type           Power      Damage    Failure   Level
a - Magic Dart            Conj           72%        1d6       3%          1
b - Mephitic Cloud        Conj/Alch/Air  12%        N/A       17%         3
c - Call Imp              Summ           22%        N/A       9%          2
d - Blink                 Tloc           22%        N/A       9%          2

Your spell library contained the following spells:

 Spells                   Type           Power      Damage    Failure   Level
 Slow                     Hex            24%        N/A       10%         1
 Cigotuvi's Dreadful Rot  Necr/Alch/Air  16%        N/A       12%         2
 Summon Ice Beast         Ice/Summ       9%         N/A       22%         3
 Summon Mana Viper        Hex/Summ       9%         N/A       91%         5
 Monstrous Menagerie      Summ           5%         N/A       100%        7


Dungeon Overview and Level Annotations

Branches:
Dungeon (3/15)

Altars:


Message History

Found 3 large rocks.
You feel sick.
Found an inky potion.
You feel sick.
Casting: Mephitic Cloud (quite dangerous; 17% risk of failure)
Confirm with . or Enter, or press ? or * to list all spells.
You miscast Call Imp.
You are very lightly contaminated with residual magic.
Nothing appears to happen.
You feel sick.
You are no longer poisoned.
A magic dart appears from out of thin air!
The magic dart hits something!
A magic dart appears from out of thin air!
The magic dart hits you.
* * * LOW HITPOINT WARNING * * *
Found a Fen Folio.
Something tries to affect you, but you resist.
Your magical contamination has completely faded away.
Casting: Call Imp (safe; 9% risk of failure)
Confirm with . or Enter, or press ? or * to list all spells.
You miscast Call Imp.
You are very lightly contaminated with residual magic.
Nothing appears to happen.
You aren't carrying any items that you can evoke.
Unknown command.
The orc wizard casts a spell at you.
You are confused.
You bump into the rock wall.
The orc wizard points at you and mumbles some strange words.
You are more confused.
Something hits you.
You hit the orc wizard but do no damage.
The orc wizard is almost dead.
The orc wizard casts a spell at you. The puff of flame misses you.
Something hits you.
* * * LOW HITPOINT WARNING * * *
You miss the orc wizard.
The orc wizard is almost dead.
The orc wizard hits you with a +0 quarterstaff.
* * * LOW HITPOINT WARNING * * *
Something hits you.
You die...

##..............
### .: ...#.###...
...##. ##...# #...
#...###!o..# #...
#.##....##.###.{.
##....#####.{##...
#o.#### ##......
#.o# ###o... #@##
#.... #.# ##...
#.# #... #.# ####
### ## ########.
.........
#########


You could see an orc wizard and an orc.

Vanquished Creatures
  3 gnolls (D:2)
  4 adders
  A dart slug (D:1)
  A ribbon worm (D:2)
  4 orcs (D:3)
  3 bats (D:1)
  2 endoplasms (D:1)
  7 hobgoblins
  4 jackals (D:1)
  A kobold (D:3)
  4 quokkas
  5 ball pythons
  A frilled lizard (D:1)
  6 rats
46 creatures vanquished.

Vanquished Creatures (collateral kills)
  A black bear (D:3)
  An orc (D:3)
  An endoplasm (D:3)
  A quokka (D:3)
4 creatures vanquished.

Grand Total: 50 creatures vanquished

Notes
Turn   | Place    | Note
-------+----------+-------------------------------------------
     0 | D:1      | pokeman the Deep Elf Hedge Wizard began the quest for the
                  | Orb.
     0 | D:1      | Reached XP level 1. HP: 10/10 MP: 7/7
   533 | D:1      | Reached XP level 2. HP: 15/16 MP: 5/9
  1356 | D:2      | Reached skill level 5 in Spellcasting
  1361 | D:2      | Reached XP level 3. HP: 20/20 MP: 1/11
  1627 | D:2      | Learned a level 3 spell: Mephitic Cloud
  1643 | D:2      | Reached skill level 1 in Fighting
  1646 | D:2      | Learned a level 2 spell: Call Imp
  1649 | D:2      | Learned a level 2 spell: Blink
  1852 | D:2      | Reached skill level 1 in Armour
  2150 | D:2      | Reached XP level 4. HP: 25/25 MP: 5/13
  2683 | D:3      | Noticed a black bear
  2702 | D:3      | Killed a black bear
  2703 | D:3      | Reached skill level 6 in Spellcasting
  2703 | D:3      | Reached skill level 1 in Alchemy
  2703 | D:3      | Reached XP level 5. HP: 18/29 MP: 2/15
  2741 | D:3      | Slain by an orc wizard

Illustrated notes

Levels and vault maps discovered:
D:1:      dpeg_arrival_stonehenge_8_columns, layout_loops_corners,
          nicolae_figureground_pulse
D:2:      kb_forest_paths, layout_loops_ring, basic_altar,
          kennysheep_generic_room_3
D:3:      layout_rooms, nemelex_dance_club_becter, uniq_crazy_yiuf_cottage

Skill      XL: |  1  2  3  4 |
---------------+-------------+-----
Spellcasting   | 5 6 |  6.4
Fighting       | 1 |  1.0
Armour         | 1 |  1.0
Conjurations   | 2 |  2.8
Stealth        | 3 |  3.0
Dodging        | 3 |  3.3
Alchemy        | 1 |  1.1
Summonings     | |  1.1
Translocations | |  1.1

Action                     |  1- 3 |  4- 6 || total
---------------------------+-------+-------++-------
  Melee: Dagger            |    35 |    20 ||    55
         Punch             |     1 |       ||     1
   Cast: Magic Dart        |    89 |    44 ||   133
         Mephitic Cloud    |     2 |     1 ||     3
         Call Imp          |       |     2 ||     2
 Armour: Robe              |    27 |    19 ||    46
  Dodge: Dodged            |    40 |    25 ||    65

Table legend: (Time is in decaauts)
 A = Elapsed time spent in this place.
 B = Non-inter-level travel time spent in this place.
 C = Inter-level travel time spent in this place.
 D = Time resting spent in this place.
 E = Time spent auto-exploring this place.
 F = Levels seen in this place.
 G = Mean time per level.
                   A        B        C        D        E       F      G
               +--------+--------+--------+--------+--------+-----+--------+
         Total |   2739 |   2733 |      6 |      0 |   2324 |   3 |  913.0 |
       Dungeon |   2739 |   2733 |      6 |      0 |   2324 |   3 |  913.0 |
               +--------+--------+--------+--------+--------+-----+--------+

Top non-repeatable levels by time:
     D:1: 1310 daAuts
     D:2: 979 daAuts
     D:3: 450 daAuts
